 Dungeon Crawl Stone Soup version 0.18.1-5-g4a78601 (webtiles) character file.

114 Scarto the Ducker (level 4, -1/35 HPs)
             Began as a Demonspawn Gladiator on May 10, 2016.
             Slain by a gnoll
             ... wielding a +0 spear
              (4 damage)
             ... on level 2 of the Dungeon.
             The game lasted 00:02:58 (1060 turns).

Scarto the Ducker (Demonspawn Gladiator)            Turns: 1060, Time: 00:02:59

Health: -1/35      AC:  7    Str: 16    XL:     4   Next: 67%
Magic:  4/4        EV: 12    Int: 10    God:
Gold:   89         SH:  0    Dex: 13    Spells: 0 memorised, 3 levels left

rFire  . . .     SeeInvis +     a - +0 war axe
rCold  . . .     Gourm    .     i - +0 ring mail (curse)
rNeg   . . .     Faith    .     (no shield)
rPois  .         Spirit   .     c - +0 helmet
rElec  .         Dismiss  .     (no cloak)
rCorr  .         Reflect  .     (no gloves)
SustAt .         Harm     .     (no boots)
MR     .....                    (no amulet)
Stlth  +.........               (no ring)
                                e - ring of see invisible

@: not resistant to hostile enchantments, very unstealthy
A: talons 2, molten scales 1
a: no special abilities


You were on level 2 of the Dungeon.
You were hungry.

You visited 1 branch of the dungeon, and saw 2 of its levels.

You collected 89 gold pieces.

Inventory:

Hand Weapons
 a - a +0 war axe (weapon)
Missiles
 d - 3 throwing nets (quivered)
Armour
 b - a +0 leather armour
 c - a +0 helmet (worn)
 i - a cursed +0 ring mail (worn)
 j - a +0 scale mail
Jewellery
 e - a ring of see invisible (left hand)
Scrolls
 k - a scroll of recharging
Potions
 h - a potion of degeneration {unknown}
 l - a potion of might {unknown}
 m - a potion of brilliance {unknown}
Comestibles
 f - 4 bread rations
 g - a beef jerky


   Skills:
 + Level 3.0 Fighting
 + Level 3.3 Axes
 + Level 1.7 Throwing
 + Level 0.6 Armour
 + Level 3.8 Dodging


You had 3 spell levels left.
You didn't know any spells.

Dungeon Overview and Level Annotations

Branches:
Dungeon (2/15)

Altars:


Innate Abilities, Weirdness & Mutations

You have razor-sharp toenails.
You are partially covered in molten scales (AC +1).


Message History

The gnoll closely misses you. The gnoll hits you but does no damage.
The gnoll barely misses you. The gnoll hits you but does no damage.
The gnoll hits you but does no damage. The gnoll closely misses you.
The gnoll moves out of view.
A rat comes into view.
You barely miss the rat. The rat misses you.
The gnoll hits you but does no damage.
You hit the rat but do no damage. The rat bites you but does no damage.
The gnoll hits you from afar with a spear.
* * * LOW HITPOINT WARNING * * *
The rat barely misses you.
You hit the rat.
You kill the rat!
The gnoll hits you from afar with a spear.
* * * LOW HITPOINT WARNING * * *
The gnoll misses you.
The gnoll hits you from afar with a spear.
* * * LOW HITPOINT WARNING * * *
The gnoll hits you from afar with a spear.
You die...

......... .
#......# #
#......##### ##
#.....g.gg.. ##.##
###.######.# #.#g##
#.# ##.#. #..#g##
.# ##.#..
#..g#g###.###.#g..
#@...#g##.##.#....
#.....#g#.#.#g....
#......#.#.#g.....
#.......#g#.......
#........#g.......
..##......#........
..#.#.....#...8....
.##.....###8...8.)
#.#.....#........


You could see 4 gnolls.

Vanquished Creatures
  Terence (D:2)
  2 adders (D:2)
  2 oozes (D:1)
  A worm (D:2)
  2 dart slugs (D:1)
  2 giant geckos (D:1)
  9 giant cockroaches (D:1)
  5 goblins
  2 hobgoblins
  7 jackals (D:1)
  2 kobolds (D:1)
  5 bats (D:1)
  2 giant newts (D:1)
  4 rats
46 creatures vanquished.

Notes
Turn   | Place    | Note
--------------------------------------------------------------
     0 | D:1      | Scarto the Demonspawn Gladiator began the quest for the Orb.
     0 | D:1      | Reached XP level 1. HP: 16/16 MP: 1/1
     1 | D:1      | Found a runed door.
   133 | D:1      | Gained mutation: You are partially covered in molten scales (AC +1). [demonic ancestry]
   133 | D:1      | Reached XP level 2. HP: 16/22 MP: 2/2
   640 | D:1      | Gained mutation: You have sharp toenails. [demonic ancestry]
   640 | D:1      | Reached XP level 3. HP: 27/28 MP: 3/3
   826 | D:2      | Noticed Terence
   840 | D:2      | Killed Terence
   840 | D:2      | Gained mutation: You have razor-sharp toenails. [demonic ancestry]
   840 | D:2      | Reached XP level 4. HP: 25/34 MP: 4/4
  1060 | D:2      | Slain by a gnoll

Skill      XL: |  1  2  3  4 |
---------------+-------------+-----
Axes           | 3 |  3.3
Dodging        | 3 |  3.8
Fighting       | 3 |  3.0
Throwing       | |  1.7
Armour         | |  0.6

Action                   |  1- 3 |  4- 6 || total
-------------------------+-------+-------++-------
Melee: War axe           |   136 |    24 ||   160
       Kick              |    11 |     5 ||    16
Throw: Throwing net      |     1 |       ||     1
  Use: Scroll            |       |     2 ||     2
Armor: Leather armour    |    26 |       ||    26
       Ring mail         |    53 |    14 ||    67
Dodge: Dodged            |   144 |    29 ||   173
